cohdb
Replays
Latest Replays
All Replays
Popular Replays
Top Player Replays
Match Explorer
How It Works
Community
CoH3 Stats
Reddit
Sign in to upload your games and track your stats! →
Sign in with Steam
Match 42560937
Unlisted
Match 42560937
Overview
Messages
Build Orders
End
Kradschützen Motorcycle Team
Panzergrenadier Squad
Panzerpioneer Squad
Construct Light Support Kompanie
Panzerjäger Squad
Selects Panzerjäger Kommand Battlegroup
Selects Mine Fields
2.5-tonne Medical Truck
Fire Support Elements
Selects Tank Busters
Panzerjäger Squad
le.IG 18 Mechanized Group
Selects Defensive Positions
Flakvierling Half-track
Veteran Squad Leaders
Vehicle Survival Package
Construct Panzerarmee Kommand
Selects Butterfly Bomb Drop
Butterfly Bomb Drop
Panzer III L Medium Tank
Selects Crew Shock Tactics
Panzerjäger Mechanized Group
Panzer III L Medium Tank
Walking Stuka Rocket Launcher
Rapid Advance
Walking Stuka Rocket Launcher
Flak 36 Anti-tank Gun Team
Butterfly Bomb Drop
Armored Reserves
Butterfly Bomb Drop
Tungsten Core Ammunition
Butterfly Bomb Drop
Emergency Repair Kits
Butterfly Bomb Drop
Advanced Field Repairs
Butterfly Bomb Drop
Selects Elefant Tank Destroyer
Advanced Optics
Kai-shek Logistics
simranjitsingh713
SirLatunka
threestars
ЛюБлЮ МаТь ТвОю
Ediger
0
0
Comments
sign in to comment!
No comments posted yet!